[Event "Titled Tuesday Blitz May 30 Late 2023"]
[White "Sailer, Mike"]
[Black "Bayo Milagro, Alvaro"]
[WhiteFideId "2012901"]
[BlackFideId "22275240"]
[WhiteElo "2109"]
[BlackElo "2270"]
[Result "0-1"]
[Round "05"]
[TimeControl "180+2"]
[Date "2023.05.31"]
[WhiteClock "0:00:03"]
[BlackClock "0:00:06"]

1. d4 Nf6 2. Bg5 g6 3. Bxf6 exf6 4. c4 d5 5. cxd5 Qxd5 6. Nc3 Qd8 7. e3 Bd6 8. Bc4 Nd7 9. Nge2 f5 10. Qb3 O-O 11. O-O Nb6 12. Bd3 Be6 13. Qc2 Kg7 14. g3 h5 15. Nf4 Bxf4 16. gxf4 Nd5 17. Nxd5 Bxd5 18. Bc4 Be4 19. Bd3 Bc6 20. Rac1 Re8 21. Qc5 Qh4 22. Be2 Rad8 23. Rc3 Rd5 24. Qc4 g5 25. Qd3 gxf4 26. Bf3 Rd6 27. Bxc6 Rg6+ 28. Kh1 bxc6 29. Qxf5 Ree6 30. exf4 Ref6 31. Qh3 Qxh3 32. Rxh3 Rxf4 33. Rxh5 Rxd4 34. Ra5 Rd2 35. b3 Rd4 36. Rxa7 Rh4 37. f3 Rd4 38. Rxc7 Rd2 39. Re7 Rh6 40. Rc1 Rhxh2+ 41. Kg1 Rhg2+ 42. Kf1 Rh2 43. Kg1 Rxa2 44. Rxc6 Rag2+ 45. Kf1 Rb2 46. Kg1 Rhd2 47. Rc1 Rxb3 48. Kh1 Rxf3 49. Kg1 Rff2 50. Kh1 Rf4 51. Re5 Rh4+ 52. Kg1 Rg4+ 53. Kh1 Rg6 54. Re3 f6 55. Rh3 Rg5 56. Rc7+ Kg6 57. Rch7 Ra5 58. R7h6+ Kf7 59. Rh7+ Ke6 60. Re3+ Re5 61. Rxe5+ fxe5 62. Kg1 Kd5 63. Kf1 Kd4 64. Rh3 Rd3 65. Rh4+ Ke3 66. Rh3+ Kd4 67. Rh4+ e4 68. Ke2 Ra3 69. Ke1 Kd3 70. Rh8 Ra1+ 71. Kf2 e3+ 72. Kf3 Rf1+ 73. Kg2 e2 74. Rd8+ Kc4 75. Rc8+ Kb5 76. Rb8+ Ka6 77. Re8 e1=Q 0-1


[Site "https://www.chess.com"]

[Event "Titled Tuesday Blitz May 30 Late 2023"]
[White "Svane, Rasmus"]
[Black "Atanasov, Radislav"]
[WhiteFideId "4657101"]
[BlackFideId "2901471"]
[WhiteElo "2601"]
[BlackElo "2077"]
[Result "1-0"]
[Round "05"]
[TimeControl "180+2"]
[Date "2023.05.31"]
[WhiteClock "0:02:36"]
[BlackClock "0:01:11"]

1. Nf3 Nf6 2. g3 g6 3. Bg2 Bg7 4. O-O O-O 5. d4 d6 6. Re1 d5 7. c4 c6 8. Qb3 Qb6 9. Nc3 Bf5 10. h3 h5 11. Na4 Qxb3 12. axb3 Nbd7 13. Bf4 Ne4 14. Nc3 Nxc3 15. bxc3 dxc4 16. bxc4 c5 17. e4 Be6 18. d5 Bxc3 19. dxe6 fxe6 20. e5 Bxe1 21. Rxe1 Nb6 22. Ng5 Rfc8 23. Bxb7 Rcb8 24. Bxa8 Rxa8 25. Nxe6 1-0


[Site "https://www.chess.com"]

[Event "Titled Tuesday Blitz May 30 Late 2023"]
[White "D`Arruda, Ricardo D."]
[Black "Baidetskyi, Valentin"]
[WhiteFideId "100692"]
[BlackFideId "14142317"]
[WhiteElo "2516"]
[BlackElo "2490"]
[Result "1-0"]
[Round "05"]
[TimeControl "180+2"]
[Date "2023.05.31"]
[WhiteClock "0:00:14"]
[BlackClock "0:00:08"]

1. Nf3 Nf6 2. d4 g6 3. Nc3 d5 4. Bg5 c6 5. Bxf6 exf6 6. e4 dxe4 7. Nxe4 Bg7 8. Bc4 O-O 9. O-O Nd7 10. c3 Nb6 11. Bb3 a5 12. a4 Bf5 13. Nc5 Qc7 14. Re1 Rae8 15. Qd2 Nd7 16. Nxd7 Qxd7 17. Rxe8 Rxe8 18. Re1 Be4 19. Bd1 f5 20. h3 h6 21. Re3 Rd8 22. Qe1 Bf6 23. Nd2 Bd5 24. Nf3 Kg7 25. Ne5 Qd6 26. Bf3 b5 27. axb5 cxb5 28. Bxd5 Qxd5 29. Nd3 Rb8 30. Qa1 b4 31. Nc5 bxc3 32. bxc3 Ra8 33. Qa4 f4 34. Re1 f3 35. Qd7 Qg5 36. Qg4 Qxg4 37. hxg4 fxg2 38. Kxg2 a4 39. Ra1 a3 40. Ra2 Be7 41. Nd3 Rc8 42. Rc2 Kf6 43. Nc1 Ke6 44. Re2+ Kd7 45. Na2 Bd6 46. Kf3 Rb8 47. Ke4 Rb2 48. Kd3 h5 49. Rc2 hxg4 50. Nc1 Rxc2 51. Kxc2 f5 52. Kb3 f4 53. Nd3 g3 54. fxg3 f3 55. Nf2 Bxg3 56. Ne4 f2 57. Nxg3 Ke6 58. c4 Kf6 59. c5 Ke6 60. c6 Kd6 61. d5 g5 62. Kxa3 g4 63. Kb3 Kxd5 64. c7 Ke5 65. c8=Q Kf4 66. Qc7+ 1-0


[Site "https://www.chess.com"]

[Event "Titled Tuesday Blitz May 30 Late 2023"]
[White "Jarovinsky, Alexey"]
[Black "Dragomirescu, Robin-Alexandru"]
[WhiteFideId "14115131"]
[BlackFideId "1213849"]
[WhiteElo "2446"]
[BlackElo "2356"]
[Result "1/2-1/2"]
[Round "05"]
[TimeControl "180+2"]
[Date "2023.05.31"]
[WhiteClock "0:00:17"]
[BlackClock "0:00:10"]

1. Nc3 Nc6 2. d4 d5 3. e4 dxe4 4. d5 Ne5 5. Qd4 Ng6 6. Qxe4 Nf6 7. Qa4+ Bd7 8. Bb5 a6 9. Bxd7+ Qxd7 10. Qxd7+ Kxd7 11. h4 c6 12. h5 Ne5 13. Bf4 Nc4 14. dxc6+ Kxc6 15. Nf3 e5 16. Nxe5+ Nxe5 17. Bxe5 Re8 18. f4 Bd6 19. O-O Bxe5 20. fxe5 Rxe5 21. h6 Re6 22. hxg7 Rg8 23. Rae1 Rxe1 24. Rxe1 Rxg7 25. Ne4 Nxe4 26. Rxe4 Rg5 27. Rf4 f5 28. Kf2 b5 29. c4 b4 30. b3 Kc5 31. Rh4 h5 32. Rf4 a5 33. g3 a4 34. Kg2 axb3 35. axb3 Kd6 36. Rd4+ Ke5 37. Rd5+ Ke4 38. Kh3 Rg7 39. Rb5 h4 40. Kxh4 Rh7+ 41. Kg5 Rg7+ 42. Kh4 Rh7+ 43. Kg5 Rg7+ 44. Kf6 Rxg3 45. Rxb4 f4 46. c5+ Kd5 47. Rc4 Rxb3 48. Rxf4 Kxc5 49. Ke5 Rc3 50. Rg4 Rc4 51. Rxc4+ Kxc4 1/2-1/2


[Site "https://www.chess.com"]

[Event "Titled Tuesday Blitz May 30 Late 2023"]
[White "Simonian, Hrair"]
[Black "Becerra, Juan David"]
[WhiteFideId "13302337"]
[BlackFideId "4404998"]
[WhiteElo "2447"]
[BlackElo "2304"]
[Result "0-1"]
[Round "05"]
[TimeControl "180+2"]
[Date "2023.05.31"]
[WhiteClock "0:00:12"]
[BlackClock "0:00:29"]

1. e4 e5 2. Nf3 Nc6 3. Bb5 f5 4. d3 fxe4 5. dxe4 d6 6. O-O Nf6 7. Qd3 Be7 8. Qc4 h6 9. Nc3 Qd7 10. Nd5 a6 11. Bxc6 bxc6 12. Nxe7 Kxe7 13. Nh4 Re8 14. Ng6+ Kd8 15. f4 exf4 16. Bxf4 Rxe4 17. Qd3 Qf5 18. Qg3 Qc5+ 19. Kh1 Bf5 20. Rad1 Kc8 21. b4 Qc4 22. Bxd6 Bxg6 23. Qxg6 cxd6 24. Qxg7 Nd7 25. Rf7 Qe6 26. Qh7 Re1+ 27. Rf1 Rxd1 28. Rxd1 Kc7 29. c4 Re8 30. h3 Qxc4 31. Qxh6 Qxb4 32. Qg6 Re1+ 33. Rxe1 Qxe1+ 34. Kh2 Qe5+ 35. Kh1 c5 36. h4 Qe1+ 0-1


[Site "https://www.chess.com"]

[Event "Titled Tuesday Blitz May 30 Late 2023"]
[White "Pulpan, Jakub"]
[Black "Liu, Casper"]
[WhiteFideId "302759"]
[BlackFideId "1454153"]
[WhiteElo "2484"]
[BlackElo "2221"]
[Result "1-0"]
[Round "05"]
[TimeControl "180+2"]
[Date "2023.05.31"]
[WhiteClock "0:00:08"]
[BlackClock "0:00:02"]

1. h3 a6 2. Nf3 d5 3. b3 Nc6 4. Bb2 f6 5. d4 Bf5 6. e3 e6 7. Bd3 Bd6 8. Nbd2 Nge7 9. e4 Bg6 10. a3 dxe4 11. Nxe4 Nd5 12. g3 O-O 13. c4 Bxe4 14. Bxe4 f5 15. Bc2 Nf6 16. O-O Ne4 17. Qe2 Ng5 18. Nxg5 Qxg5 19. c5 Be7 20. Qxe6+ Kh8 21. d5 Bxc5 22. Kg2 Rae8 23. Qd7 Re7 24. dxc6 Rxd7 25. cxd7 Bd6 26. Rfe1 Qd8 27. Bxf5 Qg5 28. Bg4 h5 29. Re8 Be7 30. Rxf8+ Bxf8 31. Be6 Be7 32. Re1 h4 33. Bg4 hxg3 34. Re5 Qd2 35. Rh5+ Kg8 36. Be6+ Kf8 37. Rh8# 1-0


[Site "https://www.chess.com"]

[Event "Titled Tuesday Blitz May 30 Late 2023"]
[White "Ljukin, Sergei"]
[Black "Panesar Vedant"]
[WhiteFideId "14102200"]
[BlackFideId "35033018"]
[WhiteElo "2312"]
[BlackElo "2347"]
[Result "0-1"]
[Round "05"]
[TimeControl "180+2"]
[Date "2023.05.31"]
[WhiteClock "0:01:04"]
[BlackClock "0:01:38"]

1. e4 e5 2. Nf3 Nc6 3. Bb5 a6 4. Ba4 Nf6 5. Qe2 b5 6. Bb3 Bc5 7. c3 d6 8. d3 O-O 9. Bg5 h6 10. Bh4 Re8 11. Nbd2 Be6 12. Bd5 Bxd5 13. exd5 Nb8 14. Ne4 Nbd7 15. O-O-O g5 16. Bg3 Nxd5 17. h4 g4 18. Nfd2 f5 19. Nxc5 Nxc5 20. f3 Nf4 21. Bxf4 exf4 22. Qf1 Re3 23. d4 Nd3+ 24. Kb1 g3 25. Re1 Rxe1+ 0-1


[Site "https://www.chess.com"]

[Event "Titled Tuesday Blitz May 30 Late 2023"]
[White "Cruz, Jonathan"]
[Black "Karas, Marek"]
[WhiteFideId "3802124"]
[BlackFideId "14928558"]
[WhiteElo "2407"]
[BlackElo "2233"]
[Result "0-1"]
[Round "05"]
[TimeControl "180+2"]
[Date "2023.05.31"]
[WhiteClock "0:00:06"]
[BlackClock "0:00:34"]

1. Nf3 Nf6 2. g3 d5 3. Bg2 Bg4 4. O-O e6 5. c4 Bxf3 6. Bxf3 c6 7. Qb3 Qb6 8. Qc2 Be7 9. b3 O-O 10. Bb2 Nbd7 11. Nc3 Rfe8 12. Bg2 Bf8 13. Rac1 g6 14. e3 Bg7 15. d4 Qd8 16. Rcd1 Qe7 17. e4 dxe4 18. Nxe4 Nxe4 19. Bxe4 Nf6 20. Bf3 Rad8 21. Rfe1 Qc7 22. Rd3 Nd7 23. Red1 e5 24. dxe5 Nxe5 25. Bxe5 Bxe5 26. Rxd8 Rxd8 27. Re1 Kg7 28. Kg2 Bf6 29. Re2 h5 30. Qe4 Qd6 31. h4 a5 32. Qe3 a4 33. bxa4 Qb4 34. Qb3 Qxb3 35. axb3 Rd3 36. b4 Ra3 37. a5 Bc3 38. b5 cxb5 39. cxb5 Rxa5 40. Bxb7 Rxb5 41. Bf3 Kf6 42. Rc2 Be5 43. Ra2 Rb2 44. Ra4 Rd2 45. Be4 Bd4 46. Kh3 Bxf2 47. Ra6+ Kg7 48. Bf3 Rb2 49. Bg2 Rb3 50. Rc6 Rxg3+ 51. Kh2 Rg4 52. Bf3 Rxh4+ 53. Kg2 Bd4 54. Rd6 Bf6 55. Rd7 Rd4 56. Bd5 Kh6 57. Kf3 Bg5 58. Kg2 f5 59. Be6 Rxd7 60. Bxd7 Bf6 61. Be8 Kg5 62. Kf3 h4 63. Bf7 Be5 64. Be8 Kf6 65. Bd7 g5 66. Bc8 g4+ 67. Kg2 Kg5 68. Bb7 h3+ 69. Kh1 g3 70. Bf3 g2+ 71. Bxg2 hxg2+ 72. Kxg2 Kg4 73. Kf2 f4 74. Kg2 f3+ 75. Kf1 Kg3 76. Kg1 f2+ 77. Kf1 Bf4 0-1


[Site "https://www.chess.com"]

[Event "Titled Tuesday Blitz May 30 Late 2023"]
[White "Jaracz, Pawel"]
[Black "Kielinkei"]
[WhiteFideId "1102222"]
[WhiteElo "2438"]
[BlackElo "2477"]
[Result "1-0"]
[Round "05"]
[TimeControl "180+2"]
[Date "2023.05.31"]
[WhiteClock "0:00:31"]
[BlackClock "0:00:02"]

1. d4 Nf6 2. c4 e6 3. Nf3 c5 4. d5 exd5 5. cxd5 b5 6. a4 bxa4 7. Nc3 d6 8. e4 Be7 9. Bb5+ Bd7 10. Qxa4 O-O 11. O-O Bxb5 12. Qxb5 Qc7 13. Bf4 Nbd7 14. Rfe1 Rab8 15. Qc6 Rfc8 16. Qxc7 Rxc7 17. e5 dxe5 18. Nxe5 Bd6 19. Nxd7 Rxd7 20. Bg5 Rxb2 21. Bxf6 gxf6 22. Re8+ Kg7 23. Ne4 Be5 24. Re1 Rxd5 25. g3 a5 26. Ra8 Ra2 27. Rb1 a4 28. Kg2 c4 29. Rb7 f5 30. Ng5 Rdd2 31. Rxf7+ Kh6 32. Rxf5 Bd4 33. Ra6+ Kh5 34. Nf3+ Kg4 35. Rg5# 1-0


[Site "https://www.chess.com"]

[Event "Titled Tuesday Blitz May 30 Late 2023"]
[White "Tristan, Leonardo"]
[Black "Rottenwohrer Suarez, Juan"]
[WhiteFideId "113816"]
[BlackFideId "32068182"]
[WhiteElo "2461"]
[BlackElo "2174"]
[Result "1-0"]
[Round "05"]
[TimeControl "180+2"]
[Date "2023.05.31"]
[WhiteClock "0:00:39"]
[BlackClock "0:00:06"]

1. d4 Nf6 2. Nf3 g6 3. Bf4 Bg7 4. e3 b6 5. Be2 Bb7 6. O-O O-O 7. a4 c5 8. c3 cxd4 9. exd4 a6 10. Nbd2 d6 11. h3 Nbd7 12. Re1 Bc6 13. Bd3 b5 14. axb5 axb5 15. Rxa8 Bxa8 16. Bxb5 Nd5 17. Bh2 N7f6 18. Bd3 Qc7 19. Qe2 Rb8 20. Ne4 Nxe4 21. Bxe4 Bf8 22. Bg3 Qb6 23. c4 Nf6 24. Bxa8 Rxa8 25. Rb1 Qb3 26. Bf4 Rc8 27. Nd2 Qc2 28. Qd1 Qd3 29. Be3 Rb8 30. b3 Rb4 31. Nf1 Qxd1 32. Rxd1 Rxb3 33. Rc1 Ne4 34. c5 dxc5 35. dxc5 Rc3 36. c6 Rxc1 37. Bxc1 e6 38. c7 Nd6 39. Ne3 Nc8 40. Nc4 Bc5 41. Bh6 f6 42. Kf1 Kf7 43. h4 Ke7 44. Bg7 Kf7 45. Bh6 Ke7 46. Ke2 Kd7 47. Bg7 f5 48. Be5 Nb6 49. Na5 Bd6 50. Bxd6 Kxd6 51. Ke3 Kxc7 52. Kf4 Kd7 53. Kg5 Ke7 54. Kh6 Kf6 55. Kxh7 Nc4 56. Nxc4 1-0


[Site "https://www.chess.com"]

[Event "Titled Tuesday Blitz May 30 Late 2023"]
[White "Sieciechowicz, Marcin"]
[Black "Sanhueza, Cristian"]
[WhiteFideId "1130170"]
[BlackFideId "116815"]
[WhiteElo "2302"]
[BlackElo "2174"]
[Result "1-0"]
[Round "05"]
[TimeControl "180+2"]
[Date "2023.05.31"]
[WhiteClock "0:02:42"]
[BlackClock "0:00:53"]

1. d4 Nf6 2. Bf4 d6 3. e3 g6 4. Nf3 Bg7 5. Be2 O-O 6. O-O Nbd7 7. h3 b6 8. a4 a6 9. c3 Bb7 10. Nbd2 c5 11. Bh2 Ra7 12. Qb3 Qa8 13. Ne1 e5 14. dxe5 dxe5 15. Bf3 Re8 16. Bxb7 Qxb7 17. Nc4 Qc6 18. Rd1 Ne4 19. f3 b5 20. Na5 Qc7 21. fxe4 Qxa5 22. Qxf7+ 1-0


[Site "https://www.chess.com"]

[Event "Titled Tuesday Blitz May 30 Late 2023"]
[White "Tanenbaum, Zachary"]
[Black "Gil Alba, Hector Luis"]
[WhiteFideId "2060850"]
[BlackFideId "3504670"]
[WhiteElo "2175"]
[BlackElo "2331"]
[Result "1-0"]
[Round "05"]
[TimeControl "180+2"]
[Date "2023.05.31"]
[WhiteClock "0:00:27"]
[BlackClock "0:00:09"]

1. e4 e5 2. Nf3 Nc6 3. Bc4 Nf6 4. d3 Bc5 5. c3 d6 6. Nbd2 Bb6 7. a4 a6 8. Nf1 Ne7 9. Ng3 Ng6 10. a5 Ba7 11. O-O h6 12. d4 O-O 13. dxe5 dxe5 14. Qb3 Nh7 15. Rd1 Qf6 16. h3 Nh4 17. Rd3 Bxh3 18. Nh5 Nxf3+ 19. Rxf3 Qh4 20. Bxf7+ Kh8 21. gxh3 g6 22. Ng3 Qxh3 23. Qd5 Rae8 24. Be3 Bxe3 25. Rxe3 Re7 26. Bxg6 Ng5 27. Bf5 Qh4 28. Kg2 Qf4 29. Rh1 Rf6 30. Qd8+ 1-0


[Site "https://www.chess.com"]

[Event "Titled Tuesday Blitz May 30 Late 2023"]
[White "Kokoszczynski, Jan"]
[Black "Kushko, Dmitriy"]
[WhiteFideId "1174460"]
[BlackFideId "14162261"]
[WhiteElo "2139"]
[BlackElo "2230"]
[Result "0-1"]
[Round "05"]
[TimeControl "180+2"]
[Date "2023.05.31"]
[WhiteClock "0:00:04"]
[BlackClock "0:00:19"]

1. c4 g6 2. Nc3 Bg7 3. d4 Nf6 4. e4 d6 5. h3 O-O 6. Be3 c5 7. d5 e6 8. Bd3 exd5 9. exd5 Na6 10. Nf3 Nc7 11. O-O a6 12. a4 Rb8 13. Qd2 b5 14. axb5 axb5 15. b3 Re8 16. Bg5 Qd7 17. Rae1 Ba6 18. Rxe8+ Rxe8 19. Re1 bxc4 20. bxc4 Rxe1+ 21. Qxe1 Nfxd5 22. Ne4 f5 23. Ned2 h6 24. Bh4 Nf4 25. Bf1 Bb7 26. Qb1 Qc6 27. Bg3 Nce6 28. Bh2 Bc3 29. Qe1 Bxd2 30. Qxd2 Nxh3+ 31. Kh1 f4 0-1


[Site "https://www.chess.com"]

[Event "Titled Tuesday Blitz May 30 Late 2023"]
[White "egorchess95"]
[Black "Omariev, Maksim"]
[BlackFideId "4193423"]
[WhiteElo "2671"]
[BlackElo "2468"]
[Result "0-1"]
[Round "05"]
[TimeControl "180+2"]
[Date "2023.05.31"]
[WhiteClock "0:01:12"]
[BlackClock "0:00:22"]

1. Nf3 d5 2. b3 c5 3. Bb2 Nc6 4. e3 a6 5. c4 Nf6 6. a3 d4 7. exd4 cxd4 8. d3 Bg4 9. Be2 e5 10. O-O Bf5 11. Re1 Bd6 12. b4 O-O 13. Bf1 Re8 14. Nbd2 h6 15. Rc1 Nd7 16. g3 Rc8 17. c5 Bb8 18. Nc4 f6 19. Bg2 Bg4 20. Qb3 Kh8 21. Nh4 Nf8 22. Nb6 Rc7 23. a4 Be6 24. Qa3 g5 25. Nf3 Kg7 26. b5 axb5 27. axb5 Ne7 28. Nd2 Nd5 29. Nxd5 Bxd5 30. Ne4 Ne6 31. Nd6 Bxg2 32. Nxe8+ Qxe8 33. Kxg2 Qxb5 34. Rc4 Nxc5 35. Rec1 b6 36. Ba1 Ra7 37. Qb4 Qxb4 38. Rxb4 Nxd3 39. Rbb1 Nxc1 40. Rxc1 Bd6 41. Kf3 f5 42. g4 Kf6 43. gxf5 Kxf5 44. Rc6 Bc5 45. Bb2 e4+ 46. Kg3 Ra2 47. Bc1 h5 48. h4 gxh4+ 49. Kxh4 Rxf2 50. Rc7 Rh2+ 51. Kg3 Rc2 52. Bh6 Bd6+ 0-1


[Site "https://www.chess.com"]

[Event "Titled Tuesday Blitz May 30 Late 2023"]
[White "Annaberdiyev, Meylis"]
[Black "Goncalves, Davi Sulzbacher"]
[WhiteFideId "14000563"]
[BlackFideId "2154510"]
[WhiteElo "2416"]
[BlackElo "2182"]
[Result "1-0"]
[Round "05"]
[TimeControl "180+2"]
[Date "2023.05.31"]
[WhiteClock "0:01:10"]
[BlackClock "0:00:15"]

1. e4 c5 2. Nf3 d6 3. d4 cxd4 4. Qxd4 a6 5. Bc4 Nc6 6. Qd3 Nf6 7. Nc3 g6 8. Bg5 Bg7 9. Bb3 O-O 10. O-O-O Qa5 11. Kb1 Bg4 12. Bxf6 Bxf6 13. Nd5 Bg7 14. h3 Be6 15. h4 Rac8 16. h5 Bxd5 17. Qxd5 Qxd5 18. Rxd5 Ne5 19. Nxe5 Bxe5 20. hxg6 hxg6 21. g3 e6 22. Rd2 Rc6 23. f4 Bg7 24. Rhd1 Rd8 25. c3 b5 26. g4 a5 27. a3 Rb6 28. f5 b4 29. cxb4 axb4 30. a4 d5 31. fxe6 fxe6 32. exd5 Rbd6 33. dxe6 Rxd2 34. e7+ Kh7 35. exd8=Q 1-0


[Site "https://www.chess.com"]

[Event "Titled Tuesday Blitz May 30 Late 2023"]
[White "Isajevsky, Anton"]
[Black "Seletsky, Grigory"]
[WhiteFideId "4142500"]
[BlackFideId "14112191"]
[WhiteElo "2510"]
[BlackElo "2491"]
[Result "1/2-1/2"]
[Round "05"]
[TimeControl "180+2"]
[Date "2023.05.31"]
[WhiteClock "0:00:06"]
[BlackClock "0:00:18"]

1. c4 b6 2. Nc3 Bb7 3. d4 Nf6 4. Nf3 e6 5. a3 a5 6. Qc2 d6 7. e4 Nbd7 8. Rb1 e5 9. d5 Be7 10. Be2 O-O 11. O-O Ne8 12. b4 g6 13. Ne1 Bg5 14. Nd3 Bxc1 15. Rfxc1 axb4 16. axb4 Qe7 17. Ra1 Ng7 18. Rxa8 Rxa8 19. Qb2 Qd8 20. Ra1 f5 21. f3 Rxa1+ 22. Qxa1 Qa8 23. Qc1 f4 24. Bd1 Ne8 25. Ba4 Nef6 26. Bxd7 Nxd7 27. Nb5 Qb8 28. Qa3 Nf6 29. Qa7 Qxa7 30. Nxa7 Ba6 31. Nb2 Kf7 32. Kf2 g5 33. Nc6 Ke8 34. g3 Bb7 35. Na7 Kd7 36. Nb5 Ba6 37. Nc3 Ke7 38. g4 h5 39. h3 h4 40. Ke2 Kd8 41. Kd3 Kc8 42. Kc2 Nd7 43. Kb3 Kb8 44. Ka4 Ka7 45. Nb5+ Kb7 46. Nd3 Kb8 47. Nb2 Kb7 48. Na3 Kb8 49. Kb3 Kb7 50. Kc3 Ka7 51. Nd3 Kb8 52. Nc1 Ka7 53. Nb3 Kb8 54. Nc2 Ka7 55. Ne1 Kb8 56. Nd3 Ka7 57. Nd2 Kb8 58. Kb3 Ka7 59. Ka4 Kb8 60. Nb2 Ka7 61. Nd1 Kb8 62. Nc3 Ka7 63. Nb5+ Kb8 64. Nb1 Nf8 65. N1c3 Nd7 66. Kb3 Kb7 67. Na4 Bxb5 68. cxb5 Nf6 69. Kc4 Ne8 70. Nc3 Nf6 71. Nd1 Ng8 72. Kd3 Ne7 73. Nc3 Nc8 74. Na4 Na7 75. Kc4 Kc8 76. Nc3 Kd7 77. Kd3 Ke7 78. Kc4 Kd7 79. Kd3 Ke7 80. Kc4 Kd7 1/2-1/2


[Site "https://www.chess.com"]

[Event "Titled Tuesday Blitz May 30 Late 2023"]
[White "Jimenez Almeida, Luis David"]
[Black "Zhao, Erick"]
[WhiteFideId "22242244"]
[BlackFideId "30946930"]
[WhiteElo "2245"]
[BlackElo "2610"]
[Result "1-0"]
[Round "05"]
[TimeControl "180+2"]
[Date "2023.05.31"]
[WhiteClock "0:00:12"]
[BlackClock "0:01:11"]

1. e4 Nc6 2. Nc3 e6 3. d4 d5 4. e5 f6 5. Nf3 fxe5 6. dxe5 g6 7. h4 Bg7 8. h5 Nxe5 9. hxg6 Nxg6 10. Bd3 Nf6 11. Bg5 O-O 12. Qd2 c5 13. O-O-O b5 14. Rxh7 Kxh7 15. Rh1+ Kg8 16. Bxg6 b4 17. Ne2 Qa5 18. Kb1 Ne4 19. Bxe4 dxe4 20. Nh4 Bb7 21. Ng6 Bd5 22. Ne7+ Kf7 23. Nxd5 exd5 24. Qxd5+ Kg6 25. Nf4+ Rxf4 26. Bxf4 Rf8 27. Qh5+ Kf6 28. Bg5+ Ke6 29. Rd1 Qc7 30. Qg4+ Kf7 31. Rd7+ Qxd7 32. Qxd7+ Kg6 33. Be3 Rf7 34. Qd6+ Rf6 35. Qxc5 Bf8 36. Qc4 Rd6 37. Qxe4+ Kg7 38. Qf3 Be7 39. a3 bxa3 40. bxa3 Rd7 41. Qg3+ Kf7 42. Qf3+ Ke8 43. Qe4 Kd8 44. Ka2 Kc8 45. g4 Rc7 46. g5 Rd7 47. g6 Rd4 48. Bxd4 1-0


[Site "https://www.chess.com"]

[Event "Titled Tuesday Blitz May 30 Late 2023"]
[White "Bjelobrk, Igor"]
[Black "Pasti, Aron"]
[WhiteFideId "4300726"]
[BlackFideId "785857"]
[WhiteElo "2319"]
[BlackElo "2173"]
[Result "0-1"]
[Round "05"]
[TimeControl "180+2"]
[Date "2023.05.31"]
[WhiteClock "0:00:09"]
[BlackClock "0:00:27"]

1. d4 d5 2. c4 e6 3. Nf3 Nf6 4. g3 Be7 5. Bg2 O-O 6. O-O Nbd7 7. Qc2 c6 8. Rd1 b6 9. b3 Bb7 10. Nc3 Qc8 11. e4 dxc4 12. bxc4 e5 13. dxe5 Ng4 14. Bh3 h5 15. Bf4 Qe8 16. Qe2 Nc5 17. Nd4 f6 18. e6 Ne5 19. Nf5 Ba6 20. Bxe5 fxe5 21. Nd6 Bxd6 22. Rxd6 Bc8 23. Nd5 cxd5 24. exd5 Qe7 25. Rc6 Bb7 26. d6 Qf6 27. Rc7 Bf3 28. Qe3 Nxe6 29. Qxf3 Qxf3 30. Bxe6+ Kh8 31. Rf1 Qf6 32. Re7 Rfe8 0-1


[Site "https://www.chess.com"]

[Event "Titled Tuesday Blitz May 30 Late 2023"]
[White "Buchenau, Frank"]
[Black "Krishnan, Varun"]
[WhiteFideId "4604350"]
[BlackFideId "5054508"]
[WhiteElo "2157"]
[BlackElo "2602"]
[Result "1-0"]
[Round "05"]
[TimeControl "180+2"]
[Date "2023.05.31"]
[WhiteClock "0:00:43"]
[BlackClock "0:01:33"]

1. e4 e5 2. Bc4 Nf6 3. d3 Nc6 4. Nf3 Bc5 5. c3 O-O 6. O-O d6 7. Nbd2 a6 8. Bb3 Ba7 9. h3 Ne7 10. Re1 Ng6 11. Nf1 Be6 12. Ng3 Qd7 13. Bg5 Ne8 14. d4 Bxb3 15. Qxb3 b5 16. dxe5 Nxe5 17. Nxe5 dxe5 18. Rad1 Nd6 19. Nf5 h6 20. Be7 Rfe8 21. Bxd6 cxd6 22. Rxd6 Qc7 23. Red1 Red8 24. Qd5 Bb6 25. Qxe5 f6 26. Rxd8+ Rxd8 27. Rxd8+ Qxd8 28. Qd5+ Kf8 29. Qxd8+ Bxd8 30. f4 Bb6+ 31. Kf1 a5 32. Ke2 b4 33. cxb4 axb4 34. a4 bxa3 35. bxa3 Bc5 36. a4 h5 37. Kd3 g6 38. Nd4 Ke7 39. a5 g5 40. fxg5 fxg5 41. e5 Kd7 42. Ke4 g4 43. Kd5 Ba7 44. e6+ Ke8 45. hxg4 hxg4 46. Nc6 Bf2 47. a6 g3 48. a7 Bxa7 49. Nxa7 Kd8 50. Kd6 Ke8 51. e7 Kf7 52. Kd7 Kf6 53. e8=Q Kg5 54. Qe4 Kf6 55. Qf4+ Kg6 56. Ke6 Kh5 57. Qxg3 Kh6 58. Kf6 Kh7 59. Qg7# 1-0


[Site "https://www.chess.com"]

[Event "Titled Tuesday Blitz May 30 Late 2023"]
[White "Adla, Diego"]
[Black "Le Goff, Ronan"]
[WhiteFideId "100072"]
[BlackFideId "612073"]
[WhiteElo "2377"]
[BlackElo "2275"]
[Result "0-1"]
[Round "05"]
[TimeControl "180+2"]
[Date "2023.05.31"]
[WhiteClock "0:01:38"]
[BlackClock "0:00:23"]

1. e4 e6 2. d3 e5 3. Nf3 Nc6 4. Nc3 Nf6 5. g3 Bc5 6. Bg2 d6 7. Na4 O-O 8. O-O h6 9. c3 Re8 10. Nxc5 dxc5 11. Be3 b6 12. a4 a5 13. Ne1 Ba6 14. f4 Qd7 15. f5 Rad8 16. Rf2 Bxd3 17. Rd2 c4 18. b3 Qc8 19. g4 Bxe4 20. bxc4 Rxd2 21. Qxd2 Bxg2 22. Qxg2 e4 23. h3 Ne5 24. c5 Nd5 25. Bd4 Nc6 26. cxb6 cxb6 27. Nc2 Qa6 28. Qf1 Qxf1+ 29. Kxf1 Nxd4 30. cxd4 e3 31. Ke2 Nf4+ 32. Kf3 Nxh3 33. Nxe3 Ng5+ 34. Kf2 Ne4+ 35. Kf3 Nd2+ 36. Kf2 Ne4+ 37. Ke2 Nf6 38. Kd3 Kf8 39. Rb1 Rb8 40. d5 Ke7 41. Kd4 Kd7 42. Nc4 Nxg4 43. Nxb6+ Kd8 44. Kc5 Ne5 45. Rd1 Nd7+ 46. Nxd7 Kxd7 47. Rg1 Rg8 48. d6 g5 49. Re1 Re8 50. Rb1 Re5+ 51. Kd4 Rxf5 52. Rb7+ Kxd6 0-1


[Site "https://www.chess.com"]

[Event "Titled Tuesday Blitz May 30 Late 2023"]
[White "Iskusnyh, Sergei"]
[Black "Nilsen, Tobias Lang"]
[WhiteFideId "4120027"]
[BlackFideId "1521624"]
[WhiteElo "2492"]
[BlackElo "2183"]
[Result "0-1"]
[Round "05"]
[TimeControl "180+2"]
[Date "2023.05.31"]
[WhiteClock "0:00:08"]
[BlackClock "0:00:35"]

1. d4 Nf6 2. c4 c5 3. d5 e6 4. Nc3 exd5 5. cxd5 d6 6. Nf3 g6 7. Nd2 Bg7 8. e4 O-O 9. Be2 Re8 10. O-O Nbd7 11. a4 Ne5 12. Kh1 g5 13. Qc2 a6 14. Nd1 Bg4 15. f3 Bd7 16. a5 Bb5 17. Nc4 Nxc4 18. Bxc4 Nd7 19. Ne3 Be5 20. Nf5 Qf6 21. Ra3 Kh8 22. b3 Nf8 23. Qd3 Bd7 24. Ng3 Ng6 25. Nh5 Qd8 26. Ra2 Nf4 27. Nxf4 gxf4 28. g3 fxg3 29. f4 g2+ 30. Rxg2 Bd4 31. f5 Qf6 32. Bg5 Qe5 33. Bf4 Qxe4 34. Qxe4 Rxe4 35. Bxd6 Rae8 36. Bg3 h5 37. Bf2 Bxf2 38. Rgxf2 Kg7 39. f6+ Kh6 40. Rg1 Re1 41. Rxe1 Rxe1+ 42. Kg2 Bg4 43. h4 Rd1 44. Kg3 Rd4 45. Rf4 Kg6 46. Rf2 Bd7 47. Rf1 Bb5 48. Bxb5 axb5 49. Ra1 Rxd5 50. a6 bxa6 51. Rxa6 Rd3+ 52. Kf4 Rxb3 53. Rc6 Rb4+ 54. Ke5 Rc4 55. Ra6 Rxh4 56. Kd5 Rc4 57. Rb6 Rf4 0-1


[Site "https://www.chess.com"]

[Event "Titled Tuesday Blitz May 30 Late 2023"]
[White "Bitoon, Richard"]
[Black "Zaitsev, Alexander"]
[WhiteFideId "5201110"]
[BlackFideId "4164490"]
[WhiteElo "2374"]
[BlackElo "2373"]
[Result "1-0"]
[Round "05"]
[TimeControl "180+2"]
[Date "2023.05.31"]
[WhiteClock "0:00:44"]
[BlackClock "0:00:18"]

1. e4 c5 2. c3 d5 3. exd5 Qxd5 4. d4 Nc6 5. Nf3 Bf5 6. Be3 Nf6 7. c4 Qd6 8. d5 Nb4 9. Na3 e6 10. Nb5 Qb6 11. Qa4 O-O-O 12. Qxb4 cxb4 13. Bxb6 axb6 14. Ne5 Bg6 15. dxe6 fxe6 16. Nxg6 hxg6 17. Be2 Bc5 18. Bf3 e5 19. Rd1 e4 20. Be2 Rxd1+ 21. Bxd1 e3 22. fxe3 Bxe3 23. Bf3 g5 24. Nd6+ Kc7 25. Nf5 Bf4 26. Nxg7 Be5 27. Ne6+ Kd6 28. Nxg5 Rxh2 29. Rxh2 Bxh2 30. Bxb7 Kc5 31. b3 Kd4 32. Nf3+ Kc3 33. Nxh2 Kb2 34. Bf3 Kxa2 35. Bd1 Ne4 36. g4 Nc3 37. g5 Nxd1 38. Kxd1 Kxb3 39. g6 Ka2 40. g7 b3 41. g8=Q b2 42. c5+ Ka1 43. Qa8+ Kb1 44. c6 b5 45. c7 b4 46. c8=Q b3 47. Qf5# 1-0


[Site "https://www.chess.com"]